 Dungeon Crawl Stone Soup version 0.25.1-2-g60ff931 (webtiles) character file.

Game seed: 15566511159557601737

4274 vertexvortex the Skirmisher (level 10, -8/55 HPs)
             Began as a Spriggan Earth Elementalist on Aug 6, 2020.
             Was a Follower of Vehumet.
             Mangled by Gastronok (27 damage)
             ... on level 8 of the Dungeon on Aug 7, 2020.
             The game lasted 00:51:44 (11649 turns).

vertexvortex the Skirmisher (SpEE)                 Turns: 11649, Time: 00:51:45

Health: -8/55      AC:  5    Str:  4    XL:     10   Next: 10%
Magic:  3/20       EV: 18    Int: 21    God:    Vehumet [*.....]
Gold:   118        SH:  0    Dex: 16    Spells: 5/21 levels left

rFire    x . .     SeeInvis +   q - +1 rapier (venom)
rCold    + . .     Gourm    .   (shield restricted)
rNeg     . . .     Faith    .   c - +1 robe
rPois    .         Spirit   .   (helmet restricted)
rElec    .         Reflect  .   (no cloak)
rCorr    .         Harm     .   (gloves unavailable)
MR       ++...                  (boots unavailable)
Stlth    ++++......             (no amulet)
HPRegen  0.18/turn              f - ring of protection from magic
MPRegen  0.17/turn              K - ring of ice

@: slowed, quick
A: very small, unfitting armour, slimy green scales 1, camouflage 1, see
invisible, blink, deterioration 1, herbivore, speed 3, slow metabolism 2
a: Blink, Renounce Religion


You were on level 8 of the Dungeon.
You worshipped Vehumet.
Vehumet was aware of your devotion.
You were not hungry.

You visited 2 branches of the dungeon, and saw 9 of its levels.

You collected 508 gold pieces.
You spent 390 gold pieces at shops.

Inventory:

Hand Weapons
 e - a +2 war axe of venom
 q - a +1 rapier of venom (weapon)
 s - a +4 hand axe of flaming
 w - a +2 hunting sling
 G - a +2 whip of electrocution
Missiles
 k - 49 sling bullets
 o - 110 stones
 y - 2 throwing nets
 E - 13 poisoned darts (quivered)
Armour
 c - a +1 robe (worn)
 H - a +0 buckler
Jewellery
 f - a ring of protection from magic (left hand)
 r - an uncursed ring of fire
 I - an uncursed ring of attention
 K - a ring of ice (right hand)
Wands
 J - a wand of flame (15)
 L - a wand of polymorph (14)
Scrolls
 a - 2 scrolls of remove curse
 g - 2 scrolls of teleportation
 i - 2 scrolls of immolation
 j - 5 scrolls of identify
 m - a scroll of blinking
 p - a scroll of amnesia
 t - a scroll of enchant weapon
 u - a scroll of random uselessness
 D - a scroll of fear
Potions
 b - a potion of might {unknown}
 h - 5 potions of curing {unknown}
 l - a potion of degeneration {unknown}
 n - a potion of haste
 v - a potion of brilliance {unknown}
 x - a potion of flight {unknown}
 z - a potion of resistance {unknown}
 A - a potion of heal wounds
 B - a potion of invisibility {unknown}
 C - a potion of berserk rage
 F - 3 potions of lignification {unknown}
Comestibles
 d - 10 rations


   Skills:
 * Level 7.2 Fighting
 - Level 3.9 Short Blades
 - Level 1.0 Slings
 - Level 3.0 Dodging
 - Level 6.2 Stealth
 - Level 0.2 Shields
 - Level 6.2 Spellcasting
 - Level 1.0 Conjurations
 * Level 4.1 Necromancy
 - Level 5.1 Transmutations
 - Level 6.8 Earth Magic


You had 5 spell levels left.
You knew the following spells:

 Your Spells              Type           Power        Failure   Level  Hunger
a - Sandblast             Erth           #####.       1%          1    None
b - Passwall              Tmut/Erth      ####....     1%          2    None
c - Stone Arrow           Conj/Erth      ###...       5%          3    #......
d - Borgnjor's Vile Clut  Necr/Erth      ####......   28%         5    #####..
e - Lee's Rapid Deconstr  Erth           #####.....   16%         5    #####..

Your spell library contained the following spells:

 Spells                   Type           Power        Failure   Level  Hunger
 Freeze                   Ice            #...         10%         1    None
 Petrify                  Tmut/Erth      ####....     8%          4    ###....
 Animate Dead             Necr           N/A          19%         4    ###....
 Recall                   Summ/Tloc      N/A          28%         3    #......
 Death Channel            Necr           ###.......   95%         6    ######.
 Simulacrum               Ice/Necr       ###.......   99%         6    ######.


Dungeon Overview and Level Annotations

Branches:
Dungeon (8/15)             Temple (1/1) D:6
   Lair: D:8-11

Altars:
Elyvilon
Gozag
Kikubaaqudgha
Okawaru
Ru
Trog
Vehumet
Xom
The Shining One

Shops:
D:6 *

Annotations:
D:8 Gastronok


Innate Abilities, Weirdness & Mutations

You are very small and have problems with some larger weapons.
You are too small for most types of armour.
You have supernaturally acute eyesight. (SInv)
You are a herbivore.
You cover ground extremely quickly.
You need to consume almost no food.
You are partially covered in slimy green scales. (AC +2)
Your skin changes colour to match your surroundings (Stealth+).
You can translocate small distances at will.
Your body sometimes deteriorates upon taking damage.


Message History

Gastronok waves his eye-stalks in wide circles.
The air twists around and strikes you!!
Casting: Stone Arrow (dangerous; 5% risk of failure)
Confirm with . or Enter, or press ? or * to list all spells.
Aiming: Stone Arrow (dangerous; 5% risk of failure)
Press: ? - help, Shift-Dir - straight line, f/p - Gastronok
Aim: Gastronok, wearing a +0 hat (almost dead, covering ground quickly)
The stone arrow hits Gastronok!
Gastronok is almost dead.
E - 13 poisoned darts (gained 1)
Casting: Stone Arrow (dangerous; 5% risk of failure)
Confirm with . or Enter, or press ? or * to list all spells.
Aiming: Sandblast (safe; 1% risk of failure)
Press: ? - help, Shift-Dir - straight line, f/p - Gastronok
Aim: Gastronok, wearing a +0 hat (almost dead, covering ground quickly)
The blast of sand hits Gastronok but does no damage.
Gastronok is almost dead.
o - 110 stones Gastronok bites you!!
You die...

####.#..#.. #....#.(#.#
#....#.?#.# #....#..#.#
#.. #>...#..#.###.#
####.##.....#.#
#.##.#.#.#.#
##.#####.##.#...#.#
+......#.##w#@.##.#
##..##.#.##.#w.##.#
+............>..#.#####
###..#......##........#
##.#......##.(#.###.#
#........##..#.....#
##.......##..#####.#
#....##.##...<....#
#....##(##.######.#


You could see Gastronok (swift).

Vanquished Creatures
  Grinder (D:5)
  A hippogriff (D:7)
  2 wraiths (D:7)
  A spriggan (D:7)
  4 yaks (D:6)
  2 hungry ghosts
  Duvessa (D:6)
  An ice beast (D:5)
  2 orc warriors
  2 phantoms
  A necrophage (D:6)
  An ogre (D:6)
  5 bullfrogs
  Dowan (D:6)
  3 scorpions
  2 wights (D:7)
  3 crimson imps
  A centaur zombie (D:6)
  3 jellies
  A bullfrog zombie (D:6)
  4 hounds
  2 orc priests
  2 human zombies (D:7)
  2 iguanas (D:4)
  7 orc wizards
  A human skeleton (D:7)
  Terence (D:2)
  Natasha (twice) (D:3)
  4 worker ants
  An ogre zombie (D:7)
  3 mummies (D:7)
  2 hound skeletons
  9 adders
  A shadow imp (D:7)
  2 oozes
  2 adder zombies
  An adder skeleton (D:5)
  2 worms (D:3)
  3 dart slugs (D:1)
  6 leopard geckos
  25 orcs
  8 giant cockroaches
  10 goblins
  13 hobgoblins
  7 jackals
  8 kobolds
  3 quokkas
  4 ball pythons
  4 bats
  10 frilled lizards
  An orc zombie (D:7)
  4 rats
192 creatures vanquished.

Notes
Turn   | Place    | Note
-------+----------+-------------------------------------------
     0 | D:1      | vertexvortex the Spriggan Earth Elementalist began the
                  | quest for the Orb.
     0 | D:1      | Reached XP level 1. HP: 9/9 MP: 5/5
   122 | D:1      | Reached XP level 2. HP: 14/14 MP: 1/7
   985 | D:1      | Reached XP level 3. HP: 17/17 MP: 7/9
   997 | D:1      | Learned a level 2 spell: Passwall
  1001 | D:1      | Learned a level 3 spell: Stone Arrow
  1436 | D:2      | Reached skill level 1 in Fighting
  1469 | D:2      | Noticed Terence
  1511 | D:2      | Killed Terence
  1511 | D:2      | Reached XP level 4. HP: 22/22 MP: 6/11
  1902 | D:2      | Found a white marble altar of Elyvilon.
  2823 | D:3      | Noticed Natasha
  2834 | D:3      | Killed Natasha
  2834 | D:3      | Reached skill level 5 in Spellcasting
  2834 | D:3      | Reached XP level 5. HP: 4/25 MP: 11/13
  3105 | D:3      | Noticed Natasha
  3255 | D:3      | Killed Natasha
  4005 | D:4      | Noticed a phantom
  4052 | D:4      | Killed a phantom
  4052 | D:4      | Reached skill level 2 in Fighting
  4052 | D:4      | Reached XP level 6. HP: 17/30 MP: 10/16
  5140 | D:5      | Entered Level 5 of the Dungeon
  5145 | D:5      | Noticed an ice beast
  5167 | D:5      | Reached XP level 7. HP: 33/35 MP: 14/17
  5174 | D:5      | Noticed Grinder
  5216 | D:5      | Found a glowing golden altar of the Shining One.
  5438 | D:5      | Reached skill level 1 in Conjurations
  5658 | D:5      | Reached skill level 3 in Fighting
  5658 | D:5      | Reached skill level 1 in Short Blades
  5779 | D:5      | Reached skill level 5 in Earth Magic
  5882 | D:5      | Killed Grinder
  6109 | D:5      | Reached XP level 8. HP: 22/40 MP: 18/18
  6449 | D:5      | Gained mutation: You are partially covered in slimy green
                  | scales. (AC +2) [potion of mutation]
  6449 | D:5      | Gained mutation: Your skin changes colour to match your
                  | surroundings (Stealth+). [potion of mutation]
  6449 | D:5      | Gained mutation: Your body sometimes deteriorates upon
                  | taking damage. [potion of mutation]
  6449 | D:5      | Gained mutation: You can translocate small distances at
                  | will. [potion of mutation]
  6685 | D:6      | Reached skill level 4 in Fighting
  7177 | D:6      | Noticed Dowan
  7227 | D:6      | Reached skill level 5 in Stealth
  7256 | D:6      | Noticed Duvessa
  7291 | D:6      | Killed Duvessa
  7304 | D:6      | Killed Dowan
  7352 | D:6      | Reached XP level 9. HP: 35/46 MP: 15/19
  7355 | D:6      | Reached skill level 5 in Transmutations
  8155 | D:6      | Found a staircase to the Ecumenical Temple.
  8172 | Temple   | Entered the Ecumenical Temple
  8370 | Temple   | Became a worshipper of Vehumet
  8511 | D:6      | Found Axestoqi's Assorted Antiques.
  8588 | D:6      | Bought a paperback book for 390 gold pieces
  8594 | D:6      | Learned a level 5 spell: Borgnjor's Vile Clutch
  8697 | D:6      | Reached skill level 1 in Necromancy
  8703 | D:6      | Reached skill level 5 in Fighting
  8838 | D:6      | Found an opulent altar of Gozag.
  9394 | D:7      | Reached skill level 1 in Slings
  9570 | D:7      | Reached skill level 6 in Fighting
  9894 | D:7      | Noticed a swamp dragon
  9896 | D:7      | Found a shimmering altar of Xom.
  9898 | D:7      | Noticed a mana viper
 10004 | D:7      | Reached * piety under Vehumet
 10004 | D:7      | Offered knowledge of Freeze by Vehumet.
 10393 | D:7      | Found a shimmering altar of Xom.
 10407 | D:7      | Noticed a faun
 10557 | D:7      | Noticed a shining eye
 10560 | D:7      | Noticed a torpor snail
 10560 | D:7      | a shining eye changed into a swamp worm
 10629 | D:7      | Noticed a sea snake
 10723 | D:7      | Reached skill level 7 in Fighting
 10723 | D:7      | Reached XP level 10. HP: 55/55 MP: 1/20
 10997 | D:7      | Found an ancient bone altar of Kikubaaqudgha.
 11164 | D:7      | Learned a level 5 spell: Lee's Rapid Deconstruction
 11288 | D:8      | Noticed Gastronok
 11649 | D:8      | Mangled by Gastronok

Illustrated notes

Levels and vault maps discovered:
D:1:      elethiomel_arrival_maze, layout_basic, minmay_octomino_c4
D:2:      minmay_recursive_quarters, layout_loops_ring, lemuel_crystal_altar,
          first_ration, uniq_terence
D:3:      layout_basic, uniq_natasha
D:4:      layout_rooms
D:5:      layout_cave_pools, nicolae_tso_carved_into_rock, uniq_grinder
D:6:      layout_cave_pools, minmay_temple_entry_glass, serial_shops,
          nicolae_shop_trees, grunt_gozag_statues, uniq_duvessa
D:7:      layout_loops_ring, lemuel_mausoleum_altar_kikubaaqudgha,
          xom_shifter_show, the_bakery, sigmund_army
D:8:      layout_basic, lair_entry_dummy, uniq_gastronok
Temple:   dpeg_five_rooms_temple

Skill      XL: |  1  2  3  4  5  6  7  8  9 10 |
---------------+-------------------------------+-----
Spellcasting   | 3 4 5 6 |  6.2
Earth Magic    | 3 4 5 6 |  6.8
Fighting       | 1 2 3 4 7 |  7.2
Transmutations | 2 3 4 5 |  5.1
Conjurations   | 1 |  1.0
Short Blades   | 1 3 |  3.9
Stealth        | 5 6 |  6.2
Necromancy     | 3 4 |  4.1
Slings         | 1 |  1.0
Dodging        | |  3.0
Shields        | |  0.2

Action                   |  1- 3 |  4- 6 |  7- 9 | 10-12 || total
-------------------------+-------+-------+-------+-------++-------
Melee: Club              |    12 |       |       |       ||    12
       Short sword       |    13 |     1 |       |       ||    14
       Hand axe          |       |   112 |    55 |       ||   167
       War axe           |       |     5 |    21 |       ||    26
       Rapier            |       |       |   113 |    16 ||   129
       Whip              |       |       |    18 |       ||    18
 Fire: Hunting sling     |       |       |     3 |       ||     3
Throw: Dart              |     9 |    28 |    15 |    22 ||    74
 Cast: Sandblast         |    48 |    37 |    58 |     1 ||   144
       Stone Arrow       |       |       |    22 |    25 ||    47
 Abil: Blink             |       |       |     1 |       ||     1
  Use: Scroll            |       |     1 |    13 |       ||    14
       Potion            |       |       |     4 |       ||     4
 Stab: Sleeping          |     1 |     7 |    21 |    10 ||    39
       Distracted        |       |       |     2 |       ||     2
  Eat: Ration            |       |       |     6 |     1 ||     7
Armor: Robe              |     2 |    10 |    21 |     2 ||    35
Dodge: Dodged            |    33 |   101 |   192 |    14 ||   340
